 Dungeon Crawl Stone Soup version 0.31-a0-210-gccc998df9b (webtiles) character file.

Game seed: 7305257520350401332

58 Moral the Caller (level 4, -2/33 HPs)
             Began as a Merfolk Summoner on June 29, 2023.
             Slain by an adder (3 damage)
             ... on level 3 of the Dungeon.
             The game lasted 00:10:34 (2647 turns).

Moral the Caller (Merfolk Summoner)                 Turns: 2647, Time: 00:10:35

Health: -2/33      AC:  2    Str:  8    XL:     4   Next: 1%
Magic:  5/7        EV: 18    Int: 14    God:
Gold:   154        SH:  0    Dex: 16    Spells: 4/8 levels left

rFire   . . .        (no weapon)
rCold   . . .        (no shield)
rNeg    . . .        a - +0 robe
rPois   .            (no helmet)
rElec   .            (no cloak)
rCorr   .            (no gloves)
SInv    .            (no boots)
Will    .....        (no amulet)
Stlth   ++           f - +5 ring of evasion
HPRegen 0.25/turn    (no ring)
MPRegen 0.10/turn

%: no passive effects
@: lethally poisoned (-2 -> -10), about to teleport, weak-willed
A: (nimble swimmer 2), mertail
a: no special abilities


You were on level 3 of the Dungeon.
You visited 1 branch of the dungeon, and saw 3 of its levels.

You collected 154 gold pieces.

Inventory:

Armour
 a - a +0 robe (worn)
Jewellery
 f - a +5 ring of evasion (left hand)
Potions
 b - a potion of magic
 d - a potion of might {unknown}
 g - a potion of berserk rage {unknown}
 i - 2 potions of attraction {unknown}


   Skills:
 + Level 1.6 Fighting
 + Level 3.6 Dodging
 - Level 2.2 Stealth
 + Level 2.5 Spellcasting
 + Level 4.3 Summonings


You had 4 spell levels left.
You knew the following spells:

 Your Spells              Type           Power      Damage    Failure   Level
a - Summon Small Mammal   Summ           56%        N/A       3%          1
b - Call Canine Familiar  Summ           14%        N/A       11%         3

Your spell library contained the following spells:

 Spells                   Type           Power      Damage    Failure   Level
 Call Imp                 Summ           28%        N/A       5%          2
 Summon Guardian Golem    Hex/Summ       7%         N/A       28%         3
 Summon Lightning Spire   Summ/Air       7%         N/A       67%         4


Dungeon Overview and Level Annotations

Branches:
Dungeon (3/15)

Altars:

Shops:
D:2 !:*


Innate Abilities, Weirdness & Mutations

((You are very nimble when in or above water. (Stealth+, EV+, Speed+++)))
Your lower body shifts to a powerful aquatic tail in water.


Message History

The adder poisons your rat!
Your rat closely misses the adder.
Your rat barely misses the giant cockroach.
You feel sick.
Your rat dies!
Your rat's corpse disappears in a puff of smoke!
Your rat barely misses the giant cockroach.
You feel sick.
You are no longer poisoned.
The adder bites you.
You are poisoned.
The adder poisons you!
Your rat bites the giant cockroach.
You feel sick. The adder closely misses you. The adder bites you.
You are lethally poisoned!
The adder poisons you!
Your rat bites the giant cockroach but does no damage.
You are too injured to fight recklessly!
You are too injured to fight recklessly!
You are too injured to fight recklessly!
You are too injured to fight recklessly!
As you read the scroll labelled ONAAMYP EFAOH, it crumbles to dust.
The creatures around you are filled with an inner flame!
It was a scroll of immolation.
* * * LOW HITPOINT WARNING * * *
You feel very sick. The adder bites you.
* * * LOW HITPOINT WARNING * * *
You are more poisoned.
The adder poisons you!
Your rat barely misses the giant cockroach.
As you read the scroll labelled SUNOERGHIFF, it crumbles to dust.
Magic quickly surges around you.
It was a scroll of vulnerability.
* * * LOW HITPOINT WARNING * * *
You feel very sick. The adder misses you.
Your rat closely misses the giant cockroach.
As you read the scroll labelled JULYIGADIG, it crumbles to dust.
You feel strangely unstable.
It was a scroll of teleportation.
* * * LOW HITPOINT WARNING * * *
You feel sick. The adder bites you.
You die...

#†##..#
#######.##..#
............#
######.####.# #.
#.# #####. #.# #..
.. #.# #..###.####
#.#
#...BS@.#######.#
...#r###.........#
#.######### ...#
###.# #.. #.. #.#
..#


You could see an adder (inner flame, weak-willed), a giant cockroach (inner
flame, weak-willed, ally target) and a friendly rat (summoned, inner flame,
weak-willed).

Vanquished Creatures
  An adder (D:2)
  A bat (D:3)
  An endoplasm (D:1)
  A giant cockroach (D:1)
  A hobgoblin (D:1)
  A ball python (D:1)
  A frilled lizard (D:1)
  A rat (D:3)
8 creatures vanquished.

Vanquished Creatures (collateral kills)
  An adder (D:2)
  2 dart slugs
  A ball python (D:2)
  A giant cockroach (D:2)
  2 goblins
  3 hobgoblins
  5 jackals (D:1)
  A quokka (D:1)
  3 bats
  A frilled lizard (D:1)
  2 kobolds (D:1)
  3 rats
25 creatures vanquished.

Grand Total: 33 creatures vanquished

Notes
Turn   | Place    | Note
-------+----------+-------------------------------------------
     0 | D:1      | Moral the Merfolk Summoner began the quest for the Orb.
     0 | D:1      | Reached XP level 1. HP: 13/13 MP: 3/3
   178 | D:1      | Found a faded altar of an unknown god.
   329 | D:1      | Reached XP level 2. HP: 13/20 MP: 1/5
   995 | D:1      | Reached skill level 1 in Fighting
  1109 | D:1      | Reached XP level 3. HP: 25/26 MP: 2/6
  1714 | D:2      | Found Geliph's General Store.
  1921 | D:2      | Found Maaprug's Book Shoppe.
  1967 | D:2      | Found Gompih's Distillery.
  2215 | D:2      | Learned a level 3 spell: Call Canine Familiar
  2414 | D:2      | Found Tuithriuce's Assorted Antiques.
  2428 | D:2      | Upgraded the game from 0.31-a0-208-gdb31a4691d to
                  | 0.31-a0-210-gccc998df9b
  2578 | D:3      | Reached XP level 4. HP: 32/33 MP: 7/7
  2647 | D:3      | HP: 1/33 [poisoned by an adder]
  2647 | D:3      | Slain by an adder

Illustrated notes

Levels and vault maps discovered:
D:1:      pf_arrival_petrified_forest, layout_loops_corners,
          basic_ecumenical_altar
D:2:      layout_loops_cross, serial_shops, shop, shop,
          nicolae_book_shop_shelving, shop
D:3:      layout_basic, uniq_crazy_yiuf_cottage, uniq_terence

Skill      XL: |  1  2 |
---------------+-------+-----
Dodging        | 3 |  3.6
Fighting       | 1 |  1.6
Stealth        | |  2.2
Spellcasting   | |  2.5
Summonings     | |  4.3

Action                     |  1- 3 |  4- 6 || total
---------------------------+-------+-------++-------
  Melee: Unarmed           |   136 |     2 ||   138
   Cast: Summon Small Mamm |    50 |     7 ||    57
         Call Canine Famil |     3 |       ||     3
    Use: Potion            |     1 |       ||     1
         Scroll            |       |     3 ||     3
   Stab: Sleeping          |     2 |       ||     2
         Distracted        |     1 |       ||     1
 Armour: Robe              |    16 |     3 ||    19
  Dodge: Dodged            |   165 |    13 ||   178

Table legend: (Time is in decaauts)
 A = Elapsed time spent in this place.
 B = Non-inter-level travel time spent in this place.
 C = Inter-level travel time spent in this place.
 D = Time resting spent in this place.
 E = Time spent auto-exploring this place.
 F = Levels seen in this place.
 G = Mean time per level.
                   A        B        C        D        E       F      G
               +--------+--------+--------+--------+--------+-----+--------+
         Total |   2646 |   2518 |    128 |    271 |   1741 |   3 |  882.0 |
       Dungeon |   2646 |   2518 |    128 |    271 |   1741 |   3 |  882.0 |
               +--------+--------+--------+--------+--------+-----+--------+

Top non-repeatable levels by time:
     D:1: 1404 daAuts
     D:2: 1104 daAuts
     D:3: 137 daAuts
